 Dungeon Crawl Stone Soup version 0.29.1-1-gd02db6906a (webtiles) character file.

Game seed: 4852373123247090408

110 jamesp the Insei (level 4, -3/30 HPs)
             Began as an Octopode Transmuter on Sept 30, 2022.
             Slain by a gnoll
             ... wielding a +2 flail of draining
              (8 damage)
             ... on level 2 of the Dungeon.
             The game lasted 00:05:04 (2278 turns).

jamesp the Insei (Octopode Transmuter)              Turns: 2278, Time: 00:05:05

Health: -3/30      AC:  1    Str:  9    XL:     4   Next: 91%
Magic:  0/8        EV: 13    Int: 17    God:
Gold:   112        SH:  0    Dex: 12    Spells: 7/8 levels left

rFire   . . .      SeeInvis .     - Unarmed
rCold   . . .      Faith    .   (no shield)
rNeg    + . .      Spirit   +   (helmet currently unavailable)
rPois   .          Reflect  .   e - amulet of guardian spirit
rElec   .          Harm     .   d - ring of positive energy
rCorr   .          Rampage  .   (no ring)
Will    .....                   (no ring)
Stlth   ++........              (no ring)
HPRegen 0.10/turn               (no ring)
MPRegen 0.11/turn               (no ring)
                                (no ring)
                                (no ring)

@: appendages, studying Fighting
A: tentacle spike 3, almost no armour, amphibious, 8 rings, camouflage 1,
gelatinous body 1, (nimble swimmer 1), tentacles
a: End Transformation


You were on level 2 of the Dungeon.
One of your tentacles had grown a beastly spike.
You visited 1 branch of the dungeon, and saw 2 of its levels.

You collected 112 gold pieces.

Inventory:

Hand Weapons
 m - the +10 dagger of Causality {vorpal, rElec Stlth+}
   (You found it on level 2 of the Dungeon)

   It inflicts extra damage upon your enemies.
   rElec:     It insulates you from electricity.
   Stlth:     It makes you more stealthy.
Missiles
 b - 25 stones
Jewellery
 d - a ring of positive energy (left tentacle)
 e - an amulet of guardian spirit (around mantle)
Scrolls
 f - a scroll of torment {unknown}
 g - a scroll of immolation {unknown}
 h - a scroll of enchant weapon {unknown}
 l - a scroll of vulnerability {unknown}
 n - a scroll of brand weapon {unknown}
Potions
 a - a potion of lignification
 c - a potion of degeneration {unknown}
 i - a potion of ambrosia {unknown}
 j - a potion of magic {unknown}
 k - 2 potions of mutation {unknown}


   Skills:
 + Level 2.5 Fighting
 - Level 2.0 Dodging
 + Level 3.6 Unarmed Combat
 + Level 2.8 Spellcasting
 + Level 2.9 Transmutations


You had 7 spell levels left.
You knew the following spells:

 Your Spells              Type           Power      Damage    Failure   Level
a - Beastly Appendage     Tmut           24%        N/A       5%          1

Your spell library contained the following spells:

 Spells                   Type           Power      Damage    Failure   Level
 Wereblood                Tmut           12%        N/A       8%          2
 Spider Form              Tmut/Pois      7%         N/A       28%         3
 Ice Form                 Ice/Tmut       7%         N/A       67%         4


Dungeon Overview and Level Annotations

Branches:
Dungeon (2/15)

Altars:
The Shining One


Innate Abilities, Weirdness & Mutations

One of your tentacles has grown a beastly spike.
You cannot wear most types of armour.
You are amphibious.
You can wear up to eight rings at the same time.
Your skin changes colour to match your surroundings (Stealth+).
Your rubbery body absorbs attacks. (AC +1, EV +1)
((You are camouflaged when in or above water. (Stealth+)))
You have tentacles for arms and can constrict up to eight enemies at once.


Message History

You kill the worm!
You start resting.
Magic restored.
You start resting.
HP restored. 2 gnolls come into view.
Casting: Beastly Appendage (safe; 5% risk of failure)
Confirm with . or Enter, or press ? or * to list all spells.
One of your tentacles grows a vicious spike.
The gnoll shouts!
You hear a shout!
The gnoll barely misses you.
The gnoll hits you from afar with a +0 spear.
You tentacle-slap the gnoll. Your grab misses the gnoll.
The gnoll is moderately wounded.
The gnoll hits you with a +0 spear.
The gnoll hits you from afar with a +0 spear.
You barely miss the gnoll. Your grab misses the gnoll.
The gnoll is moderately wounded.
The gnoll closely misses you. The gnoll hits you with a +0 spear. x2
You tentacle-slap the gnoll. You grab the gnoll. You tentacle-slap the gnoll.
The gnoll is severely wounded.
You constrict the gnoll. The gnoll hits you with a +0 spear. x2
* * * LOW HITPOINT WARNING * * *
A gnoll comes into view. It is wielding a +2 flail of draining.
You tentacle-slap the gnoll.
You kill the gnoll!
The gnoll hits you with a +0 spear.
* * * LOW HITPOINT WARNING * * *
You closely miss the gnoll. Your grab misses the gnoll.
You pierce the gnoll.
You squeeze the gnoll!
You kill the gnoll!
You tentacle-slap the gnoll but do no damage.
Your grab misses the gnoll.
Your tentacle-slap misses the gnoll.
The gnoll completely misses you.
You tentacle-slap the gnoll. Your grab misses the gnoll.
Your tentacle spike misses the gnoll.
The gnoll is moderately wounded.
The gnoll hits you with a +2 flail of draining!
You die...

........#
.######.######.# #.
#............. #.
#.###.########
##.##.#..........#
...#.#.#.######.#
######..#.#.#.# #.#
#....#..#.#.#.######.#
##.##.#..#.#.#..@g..#.#
..........<#.#.)###.#.#
##.#####.#.#.#... #.#
.........#.#.##### #.#
..>.######.#.. #.#
.##.######.##########.##
.......................#
###.######.#############
.##..# #.#


You could see a gnoll.

Vanquished Creatures
  2 gnolls (D:2)
  2 adders (D:2)
  2 worms (D:2)
  3 dart slugs (D:1)
  5 endoplasms
  12 giant cockroaches
  5 goblins
  4 hobgoblins
  5 jackals (D:1)
  A quokka (D:1)
  2 ball pythons (D:2)
  4 bats
  3 frilled lizards (D:1)
  3 kobolds (D:1)
  2 rats (D:1)
55 creatures vanquished.

Vanquished Creatures (others)
  5 plants (D:2)
5 creatures vanquished.

Grand Total: 60 creatures vanquished

Notes
Turn   | Place    | Note
-------+----------+-------------------------------------------
     0 | D:1      | jamesp the Octopode Transmuter began the quest for the Orb.
     0 | D:1      | Reached XP level 1. HP: 13/13 MP: 3/3
   223 | D:1      | Reached XP level 2. HP: 16/18 MP: 3/5
   740 | D:1      | Reached XP level 3. HP: 15/23 MP: 4/6
  1419 | D:2      | Found a glowing golden altar of the Shining One.
  1603 | D:2      | Reached XP level 4. HP: 23/29 MP: 4/7
  2179 | D:2      | Identified the +10 dagger of Causality {vorpal, rElec
                  | Stlth+}
  2278 | D:2      | Slain by a gnoll

Illustrated notes

Levels and vault maps discovered:
D:1:      ncdulo_smallfort, layout_loops_ring, minmay_tetromino_l2
D:2:      minmay_roachtagon, layout_basic, serial_forest,
          infiniplex_forest_lined_room_2, infiniplex_forest_lined_room_2,
          infiniplex_forest_lined_corner, infiniplex_forest_end_3,
          infiniplex_forest_clump_curved, infiniplex_forest_clump_curved,
          infiniplex_forest_clump_long, infiniplex_forest_straight_1,
          infiniplex_forest_fountain, infiniplex_forest_clump_double,
          basic_altar

Skill      XL: |  1  2  3 |
---------------+----------+-----
Fighting       | 2 |  2.5
Dodging        | |  2.0
Unarmed Combat | |  3.6
Spellcasting   | |  2.8
Transmutations | |  2.9

Action                   |  1- 3 |  4- 6 || total
-------------------------+-------+-------++-------
Melee: Unarmed           |    83 |    49 ||   132
       Constrict         |    20 |    13 ||    33
       Tentacles         |    16 |    13 ||    29
       Kick              |    13 |     9 ||    22
       Punch             |     4 |     1 ||     5
 Cast: Beastly Appendage |    13 |     6 ||    19
 Stab: Sleeping          |     3 |     1 ||     4
Armor: Skin              |     6 |       ||     6
Dodge: Dodged            |    38 |    26 ||    64
